AoeStats
← Eugenius

Black Forest

508890968Analyzed
4v4 RM · 9d ago on Sep 24, 2026· 48m 21s· 8 players
Game mode
Random Map
Map size
Large (8 player)
Population
200
Speed
Normal
Resources
Standard
Victory
Conquest
Starting age
Dark Age
Ending age
Imperial Age
RankedLock teamsTeams togetherTeam positionsShared explorationLock speedFull tech treeHidden civsTurbo modeCheats
Victory
Defeat
🇷🇺 Bulgarians · Russia
1904
+10
🇨🇳 Armenians · China
1715
+17
🇷🇺 Saxons · Russia
1694
+18
🇧🇪 Portuguese · Belgium
1693
+18
🇬🇧 Lithuanians · United Kingdom
1846
-20
🇬🇧 Khmer · United Kingdom
1796
-18
🇬🇧 Turks · United Kingdom
1681
-13
🇬🇧 Cumans · United Kingdom
1665
-12
Aten
0:48 Loom
12:09 Feudal Age
16:15 Double-Bit Axe
17:09 Town Watch
23:36 Wheelbarrow
25:52 Castle Age
29:09 Imperial Age
27:13 Bow Saw
26:46 Horse Collar
27:04 Gold Mining
28:49 Fletching
30:03 Wheelbarrow
30:08 Scale Barding Armor
30:47 Heavy Plow
34:31 Chemistry
33:57 Caravan
43:12 Bodkin Arrow
Reilled
0:41 Loom
11:32 Feudal Age
11:45 Man-at-Arms
14:37 Fletching
21:39 Castle Age
19:49 Double-Bit Axe
20:12 Horse Collar
22:48 Bow Saw
22:45 Heavy Plow
22:56 Town Watch
30:42 Imperial Age
29:52 Wheelbarrow
35:50 Hand Cart
36:42 Padded Archer Armor
40:38 Caravan
42:35 Bombard Tower
43:41 Bodkin Arrow
James
9:41 Feudal Age
10:10 Double-Bit Axe
10:41 Horse Collar
14:54 Wheelbarrow
19:41 Castle Age
20:39 Bow Saw
21:07 Gold Mining
21:20 Heavy Plow
23:24 Hand Cart
26:27 Imperial Age
27:15 Bloodlines
26:29 Cavalier
26:49 Onager
28:57 Scale Barding Armor
29:09 Bloodlines
29:58 Chain Barding Armor
31:44 Plate Barding Armor
33:35 Forging
33:13 Paladin
34:24 Loom
34:25 Town Watch
35:44 Iron Casting
38:04 Blast Furnace
38:39 Light Cavalry
39:37 Hussar
40:36 Caravan
41:52 Siege Onager
theMole
10:23 Feudal Age
13:58 Castle Age
12:08 Double-Bit Axe
12:49 Loom
12:46 Horse Collar
14:55 Bow Saw
19:09 Wheelbarrow
23:18 Hand Cart
24:28 Gold Mining
29:44 Imperial Age
27:57 Scale Barding Armor
27:56 Heavy Plow
28:02 Stone Mining
28:43 Bloodlines
28:33 Husbandry
29:08 Chain Barding Armor
29:47 Forging
29:46 Elite Leitis
30:17 Onager
32:15 Plate Barding Armor
32:06 Conscription
32:23 Caravan
35:08 Iron Casting
36:22 Masonry
37:20 Chemistry
44:06 Architecture
44:18 Hoardings
B3RS3RK
2:18 Loom
12:48 Feudal Age
13:55 Double-Bit Axe
16:35 Castle Age
14:48 Horse Collar
17:29 Bow Saw
17:46 Town Watch
24:17 Wheelbarrow
30:34 Imperial Age
28:47 Hand Cart
28:25 Gold Mining
28:07 Pikeman
29:40 Heavy Plow
29:42 Scale Mail Armor
29:53 Forging
29:29 Arson
30:43 Chain Mail Armor
31:46 Plate Mail Armor
30:37 Halberdier
32:37 Chemistry
32:31 Iron Casting
32:26 Conscription
32:53 Fortified Wall
33:59 Siege Engineers
36:27 Blast Furnace
36:26 Coinage
36:23 Arquebus
41:19 Two-Man Saw
40:34 Stone Mining
41:35 Padded Archer Armor
43:29 Elite Skirmisher
46:12 Crop Rotation
45:25 Elite Skirmisher
45:29 Crossbowman
46:14 Thumb Ring
46:00 Fletching
46:26 Leather Archer Armor
清远华
11:17 Feudal Age
11:53 Double-Bit Axe
14:48 Castle Age
13:33 Horse Collar
15:48 Bow Saw
19:27 Wheelbarrow
22:27 Heavy Plow
22:59 Hand Cart
23:03 Gold Mining
23:04 Stone Mining
25:58 Gold Shaft Mining
28:10 Imperial Age
27:02 Ballistics
26:45 Fletching
26:56 Padded Archer Armor
27:31 Bodkin Arrow
27:51 Leather Archer Armor
27:54 Caravan
28:17 Elite Composite Bowman
29:17 Conscription
29:27 Guilds
30:12 Coinage
30:12 Bracer
31:26 Chemistry
30:30 Scale Mail Armor
30:41 Forging
31:38 Loom
32:16 Bombard Tower
32:28 Ring Archer Armor
31:25 Heavy Scorpion
33:23 Capped Ram
34:49 Banking
36:23 Onager
38:42 Hoardings
48:21 Masonry
Eugenius
0:46 Loom
10:36 Feudal Age
12:01 Arson
13:42 Double-Bit Axe
14:20 Fletching
21:00 Castle Age
19:20 Horse Collar
22:12 Bow Saw
23:13 Wheelbarrow
25:43 Gold Mining
27:01 Town Watch
31:54 Imperial Age
30:22 Stone Mining
31:51 Masonry
32:05 Scale Barding Armor
32:10 Forging
32:13 Bloodlines
32:03 Husbandry
33:08 Stone Shaft Mining
33:09 Gold Shaft Mining
34:24 Chain Barding Armor
34:39 Iron Casting
36:19 Plate Barding Armor
36:44 Blast Furnace
35:07 Elite Konnik
36:08 Conscription
36:20 Stirrups
36:48 Caravan
39:23 Heavy Plow
43:52 Scale Mail Armor
47:10 Capped Ram
Marbas
0:39 Loom
12:16 Feudal Age
14:36 Double-Bit Axe
18:50 Castle Age
17:34 Fletching
19:28 Horse Collar
20:02 Bow Saw
24:12 Wheelbarrow
25:48 Town Watch
27:01 Fortified Wall
26:56 Gold Mining
26:58 Stone Mining
28:41 Bodkin Arrow
28:42 Treadmill Crane
30:02 Squires
30:12 Pikeman
31:02 Scale Mail Armor
32:17 Chain Mail Armor
32:19 Masonry
36:45 Imperial Age
34:56 Forging
36:32 Hand Cart
36:26 Arson
37:48 Iron Casting
37:28 Shield Wall
37:29 Halberdier
37:51 Shield Wall
38:54 Conscription
40:08 Plate Mail Armor
40:43 Chemistry
39:10 Capped Ram
39:16 Elite Varangian Guard
40:46 Bracer
41:19 Architecture
42:54 Two-Man Saw
41:50 Siege Ram
46:38 Murder Holes
47:04 Ballistics
47:43 Hoardings
Connection lost

Rejoining the realm…

Still unreachable

The connection could not be restored.

Session expired

The server has moved on; the page needs a fresh start.